Map: Honorgrounds LE

Players

qbeN - Winner!

  • Race: Protoss Protoss
  • Spawn Location: 5:00

WhiteWolf

  • Race: Terran Terran
  • Spawn Location: 7:00

Event: IEM XI Katowice - World Championship 2017

VOD

Have the link to the VOD?

Description

Time

  • Played on: Feb. 28, 2017, 9:20 a.m.
  • Length: 12:17

All games in this series

Show
View Real Time Build Order
Export as new Build Order

qbeN Protoss - Winner!

Build Orders: Oracle Opening, Colossus Rush 

Get SALT Encoding   

  12  0:01  Probe (Chrono Boost)  
  13  0:12  Probe (Chrono Boost)  
  14  0:18  Pylon  
  14  0:22  Probe (Chrono Boost)  
  15  0:36  Probe (Chrono Boost)  
  15  0:37  Gateway  
  16  0:47  Probe (Chrono Boost)  
  16  0:48  Assimilator  
  17  0:52  Assimilator  
  17  0:57  Probe (Chrono Boost)  
  18  1:08  Probe (Chrono Boost)  
  19  1:18  Probe (Chrono Boost)  
  20  1:26  Cybernetics Core  
  20  1:29  Probe (Chrono Boost)  
  21  1:34  Pylon  
  21  1:39  Probe (Chrono Boost)  
  22  1:50  Probe (Chrono Boost)  
  23  1:58  Adept  
  24  2:02  Warp Gate, Probe (Chrono Boost)  
  26  2:13  Stargate  
  26  2:28  Nexus  
  26  2:31  Adept  
  28  2:41  Probe (Chrono Boost)  
  29  2:54  Pylon  
  29  2:55  Mothership Core (Chrono Boost)  
  31  3:07  Oracle  
  34  3:14  Probe (Chrono Boost)  
  34  3:17  Adept  
  37  3:26  Probe (Chrono Boost)  
  38  3:31  Robotics Facility  
  38  3:38  Probe (Chrono Boost)  
  39  3:45  Probe (Chrono Boost)  
  40  3:49  Probe (Chrono Boost)  
  41  3:56  Probe (Chrono Boost)  
  41  3:57  Gateway  
  41  3:59  Gateway  
  41  4:02  Probe (Chrono Boost)  
  43  4:06  Probe (Chrono Boost)  
  44  4:14  Probe (Chrono Boost)  
  46  4:17  Probe (Chrono Boost)  
  46  4:24  Probe (Chrono Boost)  
  46  4:27  Robotics Bay, Probe (Chrono Boost)  
  48  4:32  Observer  
  48  4:35  Probe (Chrono Boost)  
  48  4:38  Oracle, Probe (Chrono Boost)  
  51  4:45  Pylon  
  54  4:47  Assimilator  
  54  4:51  Assimilator  
  54  4:54  Pylon  
  54  5:03  Probe x2 (Chrono Boost)  
  56  5:11  Colossus  
  56  5:13  Probe (Chrono Boost)  
  58  5:14  Probe (Chrono Boost)  
  64  5:24  Pylon, Probe (Chrono Boost)  
  64  5:26  Probe (Chrono Boost)  
  63  5:33  Pylon  
  63  5:35  Probe (Chrono Boost)  
  64  5:38  Probe (Chrono Boost)  
  65  5:45  Probe (Chrono Boost)  
  67  5:50  Nexus, Probe (Chrono Boost)  
  67  5:55  Extended Thermal Lance  
  67  5:56  Probe (Chrono Boost)  
  68  5:58  Colossus  
  68  6:03  Probe (Chrono Boost)  
  69  6:10  Probe (Chrono Boost)  
  76  6:13  Forge  
  76  6:15  Probe (Chrono Boost)  
  76  6:16  Sentry, Forge  
  79  6:20  Probe (Chrono Boost)  
  79  6:25  Pylon  
  80  6:28  Probe (Chrono Boost)  
  80  6:31  Protoss Ground Weapons Level 1, Probe (Chrono Boost)  
  82  6:34  Protoss Ground Armor Level 1  
  83  6:40  Probe (Chrono Boost)  
  83  6:42  Pylon, Probe (Chrono Boost)  
  83  6:44  Pylon  
  84  6:52  Probe (Chrono Boost)  
  84  6:53  Colossus  
  84  6:54  Probe (Chrono Boost)  
  92  7:03  Adept x2  
  92  7:04  Probe (Chrono Boost)  
  92  7:05  Adept  
  92  7:06  Probe (Chrono Boost)  
  92  7:07  Probe (Chrono Boost)  
  101  7:10  Pylon  
  101  7:15  Gateway  
  101  7:21  Gateway  
  101  7:22  Gateway  
  101  7:30  Twilight Council  
  101  7:31  Probe (Chrono Boost)  
  101  7:32  Probe x2 (Chrono Boost)  
  101  7:34  Assimilator  
  104  7:39  Assimilator  
  104  7:42  Colossus  
  104  7:47  Pylon, Probe (Chrono Boost)  
  111  7:58  Stalker x2  
  111  7:59  Stalker  
  111  8:03  Pylon  
  117  8:07  Blink  
  117  8:13  Pylon  
  117  8:14  Pylon  
  117  8:15  Stalker, Protoss Ground Armor Level 2, Protoss Ground Weapons Level 2  
  119  8:21  Stalker x3  
  125  8:36  Immortal  
  129  8:50  Templar Archives  
  129  8:59  Nexus  
  129  9:01  Pylon, Photon Cannon  
  129  9:02  Pylon  
  129  9:04  Photon Cannon  
  129  9:05  Photon Cannon  
  129  9:07  Pylon  
  129  9:09  Zealot  
  131  9:10  Zealot x2  
  131  9:15  Psionic Storm  
  135  9:19  Pylon  
  135  9:32  Zealot x6  
  147  9:38  Photon Cannon  
  147  9:41  Gateway  
  147  9:53  Gateway  
  147  9:59  Gateway  
  147  10:02  High Templar x5  
  147  10:05  Charge  
  157  10:08  Zealot  
  157  10:10  Immortal  
  163  10:15  Photon Cannon  
  163  10:17  Photon Cannon  
  163  10:20  Photon Cannon  
  163  10:21  Photon Cannon  
  163  10:37  Gravitic Drive  
  163  10:43  Gateway  
  163  10:46  Zealot x3  
  163  10:49  Warp Prism  
  171  10:51  High Templar  
  173  10:57  Assimilator  
  173  10:58  Zealot  
  173  10:59  Zealot x2  
  173  11:00  Assimilator  
  179  11:09  Gateway  
  179  11:11  Gateway  
  179  11:13  Pylon  
  179  11:31  Stalker  
  179  11:32  Stalker x2  
  185  11:48  Zealot x3  
  185  11:49  Zealot x4  
  195  12:06  Zealot x3  
  168  12:10  Archon  
  168  12:11  Archon  
Show
View Real Time Build Order
Export as new Build Order

WhiteWolf Terran 

Build Orders: Reaper Expand, MMM Bio 

Get SALT Encoding   

  12  0:00  SCV  
  13  0:12  SCV  
  14  0:18  Supply Depot  
  14  0:24  SCV  
  15  0:40  SCV  
  15  0:41  Barracks  
  16  0:45  Refinery  
  16  0:52  SCV  
  17  1:04  SCV  
  18  1:16  SCV  
  19  1:29  Reaper  
  19  1:30  Orbital Command  
  20  1:46  Command Center  
  20  1:57  SCV  
  21  2:10  Barracks Reactor  
  21  2:11  Barracks  
  21  2:13  Supply Depot  
  21  2:19  SCV  
  22  2:25  Refinery  
  22  2:31  SCV  
  23  2:43  SCV  
  24  2:50  Marine x2  
  26  2:56  Command Center  
  26  3:05  Orbital Command  
  26  3:15  SCV, Barracks Tech Lab  
  27  3:22  Factory  
  27  3:30  SCV x2  
  27  3:33  Marine  
  30  3:37  Marine  
  31  3:45  Engineering Bay  
  30  3:54  Marine x2  
  30  3:55  Marine  
  33  3:58  SCV x2  
  33  4:10  SCV x2  
  33  4:14  Marine x3  
  35  4:22  SCV  
  35  4:28  SCV  
  36  4:32  Orbital Command  
  36  4:35  Marine x3, SCV  
  40  4:40  Missile Turret  
  40  4:42  SCV  
  41  4:51  Starport  
  41  4:54  SCV x2  
  41  4:56  Marine  
  44  5:01  SCV  
  44  5:02  Marine  
  44  5:06  SCV  
  46  5:20  SCV x3  
  48  5:33  Missile Turret x2, Barracks x2  
  48  5:34  Factory Tech Lab, Starport Reactor  
  48  5:35  Barracks  
  48  5:36  SCV x2  
  47  5:43  SCV  
  47  5:48  SCV  
  47  5:49  SCV  
  49  5:50  Marine x3  
  49  5:55  Stimpack, SCV  
  53  5:58  Supply Depot  
  53  6:07  Siege Tank  
  53  6:10  Medivac x2  
  60  6:12  SCV  
  60  6:17  Refinery x2  
  61  6:20  Supply Depot, SCV  
  61  6:24  Supply Depot, Barracks Reactor  
  62  6:26  Barracks Tech Lab, Barracks Reactor  
  62  6:32  SCV x2  
  64  6:33  Marine x2  
  64  6:37  Marauder  
  64  6:39  Terran Infantry Weapons Level 1  
  68  6:46  SCV x3  
  71  6:48  Marine  
  71  6:50  Siege Tank  
  71  6:51  Marine, Medivac  
  78  7:02  Marine  
  78  7:03  Marine x3, Orbital Command  
  78  7:04  Marauder  
  84  7:12  Marine  
  84  7:14  Starport  
  85  7:17  Supply Depot x2  
  85  7:19  Marine  
  85  7:20  Marauder  
  88  7:23  SCV  
  88  7:24  Marine x3, SCV  
  93  7:30  Supply Depot  
  93  7:38  Marine, SCV x3  
  97  7:49  Armory  
  97  7:51  Engineering Bay  
  97  7:53  Marine x4  
  97  7:55  Combat Shields  
  97  7:56  SCV  
  102  8:07  SCV x2  
  102  8:08  Marine x2  
  102  8:11  Marine, Supply Depot  
  102  8:12  Supply Depot, Marauder  
  109  8:14  Starport Reactor  
  109  8:16  Medivac  
  109  8:17  Medivac  
  113  8:21  SCV, Refinery  
  114  8:35  SCV x3  
  114  8:36  Marine x2  
  114  8:37  Marine x3  
  114  8:38  Marauder x2  
  126  8:46  Viking  
  126  8:48  Missile Turret  
  128  8:50  SCV x2  
  128  8:51  SCV  
  131  9:07  SCV x2  
  133  9:12  Supply Depot, Marine  
  133  9:13  Supply Depot  
  133  9:14  SCV  
  133  9:20  Marine x2  
  133  9:30  Supply Depot x3  
  133  9:32  SCV  
  133  9:33  Marine x4, Viking  
  133  9:34  Viking x2, Marauder, SCV x2  
  133  9:35  Marauder, Viking  
  133  9:38  Marine x2  
  149  9:39  Refinery  
  149  9:45  Terran Infantry Weapons Level 2  
  149  9:49  Terran Infantry Armor Level 1  
  149  9:50  Command Center  
  149  9:59  Marine x6  
  154  10:00  Marauder  
  154  10:06  Viking  
  159  10:14  SCV x2  
  159  10:15  SCV  
  159  10:16  Siege Tank  
  159  10:17  Viking  
  166  10:34  Marine x3  
  166  10:35  Marine x3  
  172  10:46  Marauder x2  
  162  10:52  Marine x2  
  162  10:55  Medivac x3  
  162  10:56  Marine x3, Viking  
  171  10:57  Marine  
  171  10:59  Concussive Shells  
  171  11:02  Planetary Fortress  
  172  11:09  Ghost Academy  
  172  11:11  Barracks  
  172  11:13  Supply Depot, Barracks  
  165  11:31  Marine x6  
  165  11:32  Marauder x2  
  173  11:33  Hellion  
  173  11:34  Medivac x3  
  173  11:36  Supply Depot  
  169  11:40  SCV x3  

Tags
 
Add a new tag
Caveats
  • Supply blocks, unpowered buildings, or Contaminate may cause inaccurate times.
  • Supply counts are checked every 10 seconds.